Map: Frozen Temple

Players

JaWa

  • Race: Zerg Zerg
  • League: Master

Miszu - Winner!

  • Race: Protoss Protoss
  • League: Master

VOD

Have the link to the VOD?

Description

Time

  • Played on: June 27, 2016, 7:33 p.m.
  • Length: 9:13
Show
View Real Time Build Order
Export as new Build Order

JaWa Zerg 

Build Orders: Hatch First 

Get SALT Encoding   

  12  0:01  Drone  
  13  0:12  Overlord  
  13  0:17  Drone  
  14  0:30  Drone  
  14  0:31  Drone  
  14  0:35  Drone  
  17  0:53  Hatchery  
  17  0:56  Drone  
  17  1:00  Drone  
  17  1:04  Extractor  
  17  1:08  Drone  
  18  1:20  Spawning Pool  
  18  1:23  Drone  
  18  1:32  Drone  
  19  1:38  Overlord  
  19  1:51  Drone  
  20  2:00  Drone  
  21  2:07  Hatchery  
  20  2:10  Metabolic Boost  
  20  2:15  Drone  
  21  2:24  Queen  
  21  2:28  Zergling x2  
  24  2:31  Drone  
  24  2:33  Drone  
  24  2:36  Drone  
  27  2:44  Queen  
  27  2:47  Drone  
  27  2:50  Drone  
  31  2:54  Drone  
  31  2:56  Drone  
  32  2:59  Zergling x2  
  32  3:01  Zergling x2  
  34  3:07  Drone  
  35  3:23  Roach Warren  
  34  3:27  Drone x4  
  34  3:28  Drone  
  39  3:37  Zergling x4  
  39  3:38  Zergling x2  
  42  3:44  Overlord x2  
  42  3:56  Overlord  
  42  4:04  Roach x2  
  42  4:05  Roach x5  
  42  4:09  Extractor  
  55  4:11  Roach  
  55  4:12  Overlord  
  57  4:18  Overlord  
  57  4:19  Drone x3  
  58  4:28  Overlord, Drone x2  
  60  4:31  Lair  
  60  4:36  Drone x2  
  60  4:37  Drone  
  62  4:46  Drone x5  
  67  4:58  Overlord x2  
  67  4:59  Drone x2  
  69  5:03  Evolution Chamber  
  68  5:09  Drone x3  
  68  5:10  Drone  
  68  5:13  Extractor  
  71  5:24  Roach x5  
  60  5:46  Spire  
  60  5:48  Roach x4  
  60  5:49  Roach  
  60  6:06  Roach  
  60  6:07  Roach, Drone x5  
  60  6:08  Drone  
  65  6:21  Drone  
  65  6:22  Drone x4  
  66  6:34  Drone x3  
  66  6:35  Drone  
  70  6:42  Drone  
  70  6:43  Drone x3  
  74  6:56  Drone x5  
  79  7:04  Overseer  
  79  7:06  Drone x3  
  82  7:09  Glial Reconstitution  
  82  7:20  Queen  
  84  7:23  Drone x2  
  84  7:24  Drone x3  
  84  7:27  Extractor  
  88  7:34  Zergling x6, Hydralisk Den  
  90  7:41  Drone  
  93  7:50  Overlord x3  
  91  8:08  Hydralisk x2  
  91  8:09  Hydralisk x4, Roach  
  105  8:17  Zergling x2  
  105  8:21  Zergling x2  
  105  8:26  Overlord x3  
  105  8:27  Overlord  
  106  8:44  Overlord x3  
  106  8:45  Overlord, Hydralisk  
Show
View Real Time Build Order
Export as new Build Order

Miszu Protoss - Winner!

Build Orders: 1 Gate Expand 

Get SALT Encoding   

  12  0:00  Probe (Chrono Boost)  
  13  0:11  Probe (Chrono Boost)  
  14  0:18  Pylon  
  14  0:22  Probe (Chrono Boost)  
  15  0:36  Probe (Chrono Boost)  
  15  0:37  Gateway  
  16  0:46  Probe (Chrono Boost)  
  17  0:51  Assimilator  
  18  0:57  Probe (Chrono Boost)  
  18  1:12  Probe (Chrono Boost)  
  19  1:29  Nexus  
  19  1:32  Probe (Chrono Boost)  
  20  1:36  Cybernetics Core  
  20  1:45  Probe (Chrono Boost), Assimilator  
  21  1:53  Pylon  
  21  1:57  Probe (Chrono Boost)  
  22  2:08  Probe (Chrono Boost)  
  23  2:11  Warp Gate (Chrono Boost)  
  23  2:12  Adept (Chrono Boost)  
  25  2:20  Probe  
  26  2:34  Adept (Chrono Boost)  
  28  2:42  Gateway  
  28  2:43  Gateway  
  28  2:51  Pylon, Probe  
  28  2:57  Mothership Core  
  31  3:02  Adept  
  31  3:03  Probe  
  34  3:16  Probe  
  34  3:18  Probe  
  36  3:28  Probe  
  36  3:30  Probe  
  38  3:40  Probe (Chrono Boost)  
  38  3:41  Pylon  
  39  3:45  Probe (Chrono Boost)  
  40  3:51  Probe (Chrono Boost)  
  41  3:56  Nexus  
  41  3:58  Probe (Chrono Boost)  
  42  4:05  Probe (Chrono Boost)  
  43  4:10  Adept x2  
  43  4:11  Adept  
  43  4:14  Probe (Chrono Boost)  
  43  4:15  Probe (Chrono Boost)  
  50  4:28  Probe (Chrono Boost)  
  51  4:32  Adept x3  
  51  4:34  Pylon  
  57  4:47  Probe (Chrono Boost)  
  57  4:49  Probe (Chrono Boost)  
  57  4:50  Pylon  
  57  4:52  Twilight Council  
  59  4:53  Robotics Facility  
  59  4:58  Probe (Chrono Boost)  
  60  5:05  Adept, Probe (Chrono Boost)  
  60  5:06  Adept  
  65  5:08  Probe (Chrono Boost)  
  65  5:10  Probe (Chrono Boost)  
  67  5:16  Assimilator  
  67  5:17  Probe (Chrono Boost)  
  67  5:18  Assimilator  
  67  5:19  Probe (Chrono Boost)  
  67  5:20  Probe (Chrono Boost)  
  71  5:29  Probe (Chrono Boost)  
  71  5:32  Stalker x2  
  71  5:33  Stalker  
  75  5:48  Immortal (Chrono Boost)  
  75  5:49  Blink (Chrono Boost)  
  78  6:23  Immortal (Chrono Boost)  
  78  6:25  Gateway  
  78  6:27  Probe  
  78  6:28  Probe  
  78  6:29  Gateway x2  
  74  6:37  Sentry x2, Stalker  
  74  6:39  Probe  
  73  6:40  Probe  
  74  6:52  Probe  
  75  7:01  Pylon  
  75  7:02  Pylon  
  75  7:03  Pylon  
  75  7:04  Probe  
  76  7:17  Immortal (Chrono Boost)  
  76  7:18  Sentry  
  82  7:23  Stalker x3, Pylon  
  82  7:25  Pylon  
  88  7:32  Stalker  
  88  7:33  Stalker  
  92  7:43  Stalker  
  94  7:46  Stalker  
  94  7:47  Stalker x2  
  94  7:48  Warp Prism  
  100  7:56  Stalker  
  100  7:57  Stalker  
  106  8:10  Stalker x4  
  113  8:50  Nexus, Stalker  
  113  8:51  Stalker  
  117  8:56  Pylon  
  117  8:57  Pylon  
Tags
 
Add a new tag
Caveats
  • Supply blocks, unpowered buildings, or Contaminate may cause inaccurate times.
  • Supply counts are checked every 10 seconds.